 Dungeon Crawl Stone Soup version 0.26-b1-32-g5d43845318 (webtiles) character file.

Game seed: 2389206406983103110

26770 Borgoz the Basher (level 13, 0/84 HPs)
             Began as a Gargoyle Gladiator on Jan 11, 2021.
             Slain by a vampire mosquito (6 damage)
             ... on level 15 of the Dungeon.
             The game lasted 00:25:58 (17224 turns).

Borgoz the Basher (Gargoyle Gladiator)             Turns: 17224, Time: 00:25:59

Health: 0/84       AC: 26    Str: 18    XL:     13   Next: 28%
Magic:  13/13      EV: 23    Int: 12    God:
Gold:   1089       SH:  0    Dex: 28    Spells: 9/12 levels left

rFire    + + .     SeeInvis .   a - +0 morningstar (protect)
rCold    + + .     Faith    .   (no shield)
rNeg     + . .     Spirit   .   x - +4 robe of Shrieking Fun {rF+ Int+2 Dex+4}
rPois    ∞         Reflect  .   M - +1 helmet
rElec    +         Harm     .   p - scarf {rC+ rF+}
rCorr    .         Rampage  .   (no gloves)
Will     .....                  (no boots)
Stlth    ++........             n - amulet "Feum" {Regen+ Dex+3}
HPRegen  0.64/turn              y - +6 ring of dexterity
MPRegen  0.13/turn              r - ring of protection from cold

@: marked, protection aura
A: negative energy resistance 1, electricity resistance, unbreathing,
petrification resistance, miasma immunity, AC +9
a: no special abilities


You were on level 15 of the Dungeon.
You visited 2 branches of the dungeon, and saw 16 of its levels.
You also visited: Sewer.

You collected 1299 gold pieces.
You spent 210 gold pieces at shops.

Inventory:

Hand Weapons
 a - a +0 morningstar of protection (weapon)
Missiles
 d - 3 throwing nets (quivered)
Armour
 i - a +0 troll leather armour
 p - a scarf of resistance (worn)
 x - the +4 robe of Shrieking Fun (worn) {rF+ Int+2 Dex+4}
   (You found it on level 5 of the Dungeon)

   It affects your intelligence (+2).
   It affects your dexterity (+4).
   It protects you from fire.
 M - a +1 helmet (worn)
Jewellery
 n - the amulet "Feum" (around neck) {Regen+ Dex+3}
   (You acquired it on level 13 of the Dungeon)

   [amulet of regeneration]

   It affects your dexterity (+3).
   It increases your rate of regeneration.
 q - an uncursed ring of protection from fire
 r - a ring of protection from cold (right hand)
 y - a +6 ring of dexterity (left hand)
 J - an uncursed amulet of guardian spirit
 N - an uncursed ring of positive energy
Wands
 c - a wand of paralysis (8)
 B - a wand of acid (11)
 E - a wand of iceblast (19)
 F - a wand of flame (24)
 H - a wand of disintegration (17)
Scrolls
 b - 3 scrolls of blinking
 f - 7 scrolls of teleportation
 h - 3 scrolls of immolation {unknown}
 k - 3 scrolls of enchant weapon {unknown}
 l - 2 scrolls of magic mapping {unknown}
 m - 5 scrolls of remove curse
 s - 4 scrolls of fear
 u - 2 scrolls of fog {unknown}
 v - 2 scrolls of enchant armour {unknown}
 w - 4 scrolls of amnesia {unknown}
 D - a scroll of brand weapon
 G - 2 scrolls of vulnerability {unknown}
 I - a scroll of holy word
 K - 2 scrolls of summoning
 L - a scroll of torment {unknown}
 O - 2 scrolls of identify
Potions
 e - 2 potions of heal wounds
 g - 2 potions of brilliance
 j - 3 potions of resistance
 o - 6 potions of curing
 t - 4 potions of magic
 z - 3 potions of might
 A - 3 potions of haste
 C - a potion of mutation


   Skills:
 * Level 10.9 Fighting
 * Level 12.1 Maces & Flails
 - Level 1.7 Throwing
 * Level 10.6 Armour
 * Level 10.3 Dodging
 + Level 4.3 Hexes


You had 9 spell levels left.
You knew the following spells:

 Your Spells              Type           Power        Failure   Level
a - Confusing Touch       Hex            10%          17%         3

Your spell library contained the following spells:

 Spells                   Type           Power        Failure   Level
 Corona                   Hex            11%          5%          1
 Animate Skeleton         Necr           0%           32%         1
 Apportation              Tloc           0%           32%         1
 Foxfire                  Conj/Fire      0%           32%         1
 Summon Small Mammal      Summ           0%           32%         1
 Inner Flame              Hex/Fire       5%           38%         3
 Conjure Flame            Conj/Fire      0%           69%         3
 Gell's Gravitas          Tloc           0%           69%         3
 Ignite Poison            Fire/Tmut/Pois 0%           69%         3
 Petrify                  Tmut/Erth      0%           97%         4
 Sticky Flame             Conj/Fire      0%           97%         4
 Metabolic Englaciation   Hex/Ice        2%           98%         5
 Yara's Violent Unravell  Hex/Tmut       2%           98%         5
 Alistair's Intoxication  Tmut/Pois      0%           100%        5
 Fireball                 Conj/Fire      0%           100%        5
 Irradiate                Conj/Tmut      0%           100%        5
 Eringya's Noxious Bog    Tmut/Pois      0%           100%        6
 Sublimation of Blood     Necr           Unusable     N/A         2

Dungeon Overview and Level Annotations

Branches:
Dungeon (15/15)            Temple (1/1) D:4            Lair (0/6) D:9
    Orc (0/2) D:11         Vaults (0/5) D:13          Sewer (visited)
 Depths: D:15

Altars:
Ashenzari
Cheibriados
Dithmenos
Elyvilon
Fedhas
Gozag
Hepliaklqana
Kikubaaqudgha
Makhleb
Nemelex Xobeh
Okawaru
Qazlal
Ru
Sif Muna
Trog
Uskayaw
Vehumet
Wu Jian
Xom
Yredelemnul
Zin
The Shining One

Shops:
D:10 }   D:13 *

Portals:
Trove: D:10 (show abyssal rune of Zot)


Innate Abilities, Weirdness & Mutations

You are resistant to torment.
Your stone body is resilient. (AC +9)
You are immune to poison.
You resist negative energy. (rN+)
You are resistant to electric shocks. (rElec)
You can survive without breathing.
You are immune to petrification.
You are immune to miasma.


Message History

* * * LOW HITPOINT WARNING * * *
You impale the centaur warrior!!
The centaur warrior is heavily wounded.
The vampire mosquito barely misses you. x2
The centaur warrior wields a +0 shortbow.
The centaur warrior shoots an arrow.
The arrow hits you!
* * * LOW HITPOINT WARNING * * *
You puncture the centaur warrior!
The centaur warrior is severely wounded.
Something misses you. Something hits you but does no damage.
Deactivating autopickup; reactivate with Ctrl-A.
The centaur warrior hits you.
* * * LOW HITPOINT WARNING * * *
The vampire mosquito bites you but does no damage.
The centaur warrior closely misses you. Something hits you but does no damage.
The vampire mosquito misses you.
The centaur warrior shoots an arrow.
You thump the centaur warrior!
The centaur warrior is severely wounded.
Something hits you but does no damage. x2; The vampire mosquito bites you.
You die...

..####### ..ZFy..†##
#(.# #Z## .###. #F#
..... ##y# # ....
#yy# #. ##... #y##
#.###... #. ###@#
#...#.. .. #.(c#
#.(.# .. #c### #...#
.. #y# #...###.. #.#
#.[...... #.#
###..##..## #.#
#####....##..## ##.#
#......#.##.(..
#..####...####.##.##.


You could see 2 centaur warriors, 5 vampire mosquitoes, a bullfrog and a centaur
warrior skeleton.

Vanquished Creatures
  A boulder beetle (D:11)
  An ice dragon (D:13)
  2 centaur warriors (D:13)
  3 two-headed ogres
  A tengu warrior (D:13)
  2 unseen horrors (shapeshifter)
  A wizard (D:13)
  A harpy (shapeshifter) (D:13)
  2 ugly things
  A deep elf mage (D:12)
  3 cyclopes
  4 manticores
  Joseph (D:9)
  An efreet (D:15)
  A kobold demonologist (D:14)
  A redback zombie (D:15)
  7 trolls
  A hornet (shapeshifter) (D:13)
  9 slime creatures
  A hornet (D:14)
  A shadow (D:13)
  A wraith (D:15)
  A wyvern (D:12)
  8 yaks
  A water moccasin (D:11)
  A soldier ant (D:13)
  5 orc warriors
  4 ice beasts
  4 sky beasts
  A black bear (D:8)
  2 phantoms (D:8)
  2 necrophages
  4 wolves (D:9)
  16 centaurs
  9 ogres
  Blork the orc (D:6)
  8 bullfrogs
  2 big kobolds
  A wyvern zombie (D:10)
  A water moccasin zombie (D:6)
  2 wyvern skeletons
  11 scorpions
  12 killer bees
  A howler monkey (D:5)
  18 wights
  A bullfrog zombie (D:7)
  10 hounds
  8 orc priests
  5 jellies
  Crazy Yiuf (D:4)
  5 bullfrog skeletons
  4 centaur skeletons
  5 iguanas
  26 orc wizards
  Natasha (thrice) (D:3)
  8 worker ants
  A killer bee zombie (D:10)
  2 hound zombies (D:5)
  17 adders
  A river rat (D:6)
  A shadow imp (D:7)
  2 white imps
  2 ufetubi
  2 adder skeletons
  2 adder zombies
  A dart slug (D:3)
  8 worms
  8 leopard geckos
  36 orcs
  5 ball pythons
  A giant cockroach (D:1)
  4 goblins
  11 hobgoblins
  22 jackals
  28 kobolds
  5 quokkas
  14 bats
  9 frilled lizards
  10 rats
429 creatures vanquished.

Vanquished Creatures (others)
  An orc wizard (D:9)
  15 plants
16 creatures vanquished.

Grand Total: 445 creatures vanquished

Notes
Turn   | Place    | Note
-------+----------+-------------------------------------------
     0 | D:1      | Borgoz the Gargoyle Gladiator began the quest for the Orb.
     0 | D:1      | Reached XP level 1. HP: 12/12 MP: 1/1
   221 | D:1      | Reached XP level 2. HP: 15/17 MP: 2/2
   829 | D:1      | Reached XP level 3. HP: 22/22 MP: 3/3
   930 | D:2      | Reached skill level 1 in Armour
  1301 | D:2      | Reached XP level 4. HP: 27/27 MP: 4/4
  1717 | D:3      | Noticed Natasha
  1728 | D:3      | Killed Natasha
  1779 | D:3      | Found a glowing golden altar of the Shining One.
  1800 | D:3      | Reached skill level 4 in Maces & Flails
  1800 | D:3      | Reached XP level 5. HP: 32/32 MP: 5/5
  1977 | D:3      | Noticed Natasha
  1990 | D:3      | Killed Natasha
  2266 | D:3      | Noticed Natasha
  2279 | D:3      | Killed Natasha
  2280 | D:3      | Reached XP level 6. HP: 37/37 MP: 6/6
  2370 | D:3      | Found a basalt altar of Yredelemnul.
  2829 | D:4      | Reached skill level 5 in Maces & Flails
  2924 | D:4      | Found a staircase to the Ecumenical Temple.
  2936 | D:4      | Reached XP level 7. HP: 30/42 MP: 7/7
  2941 | Temple   | Entered the Ecumenical Temple
  3420 | D:4      | Found a hazy altar of Hepliaklqana.
  3421 | D:4      | Found a sparkling altar of Nemelex Xobeh.
  3421 | D:4      | Found a blossoming altar of Fedhas.
  3602 | D:4      | Found a stormy altar of Qazlal.
  3721 | D:4      | Found a runed translucent door.
  3722 | D:4      | Noticed Crazy Yiuf
  4247 | D:4      | Killed Crazy Yiuf
  4360 | D:5      | Entered Level 5 of the Dungeon
  4519 | D:5      | Got a faintly glowing robe
  4527 | D:5      | Reached XP level 8. HP: 40/48 MP: 8/8
  4547 | D:5      | Identified the +4 robe of Shrieking Fun {rF+ Int+2 Dex+4}
                  | (You found it on level 5 of the Dungeon)
  4632 | D:5      | Reached skill level 6 in Maces & Flails
  4684 | D:5      | Reached skill level 5 in Dodging
  5376 | D:6      | Found a glowing drain.
  5380 | Sewer    | Entered a sewer
  5631 | Sewer    | Reached skill level 5 in Fighting
  6293 | D:6      | Reached skill level 7 in Maces & Flails
  6314 | D:6      | Reached XP level 9. HP: 54/54 MP: 9/9
  6332 | D:6      | Noticed Blork the orc
  6348 | D:6      | Killed Blork the orc
  6535 | D:6      | Reached skill level 5 in Armour
  6780 | D:6      | Found an ancient bone altar of Kikubaaqudgha.
  6780 | D:6      | Found a shadowy altar of Dithmenos.
  6785 | D:6      | Found a sacrificial altar of Ru.
  6787 | D:6      | Found a faded altar of an unknown god.
  6789 | D:6      | Found a faded altar of an unknown god.
  7246 | D:7      | Reached skill level 8 in Maces & Flails
  7816 | D:7      | Reached XP level 10. HP: 61/61 MP: 10/10
  7889 | D:7      | Found an iron altar of Okawaru.
  7896 | D:7      | Found a radiant altar of Vehumet.
  7896 | D:7      | Found a hide-covered altar of Uskayaw.
  7896 | D:7      | Found a snail-covered altar of Cheibriados.
  8209 | D:8      | Noticed a two-headed ogre
  8217 | D:8      | Killed a two-headed ogre
  8218 | D:8      | Reached skill level 9 in Maces & Flails
  9130 | D:9      | Noticed Joseph
  9176 | D:9      | Killed Joseph
  9590 | D:9      | Found a staircase to the Lair.
  9634 | D:9      | Reached skill level 10 in Maces & Flails
  9641 | D:9      | Reached XP level 11. HP: 65/67 MP: 11/11
 10699 | D:8      | Learned a level 3 spell: Confusing Touch
 11003 | D:10     | Entered Level 10 of the Dungeon
 11088 | D:10     | Got a pair of shimmering gloves
 11094 | D:10     | Identified the -3 pair of gloves of Zotipu {Str+3} (You
                  | found it on level 10 of the Dungeon)
 11110 | D:10     | Found Gusabithee's Gadget Emporium.
 11802 | D:10     | Noticed a two-headed ogre
 11816 | D:10     | Killed a two-headed ogre
 11817 | D:10     | Reached skill level 1 in Hexes
 11969 | D:10     | Found a portal to a secret trove of treasure.
 12523 | D:11     | Noticed a brown ugly thing
 12524 | D:11     | Noticed a boulder beetle
 12550 | D:11     | Killed a brown ugly thing
 12657 | D:11     | Killed a boulder beetle
 13073 | D:11     | Found a staircase to the Orcish Mines.
 13671 | D:11     | Noticed a manticore
 13683 | D:11     | Killed a manticore
 14327 | D:12     | Noticed a red ugly thing
 14348 | D:12     | Killed a red ugly thing
 14494 | D:12     | Reached XP level 12. HP: 60/76 MP: 12/12
 14506 | D:12     | Reached skill level 11 in Maces & Flails
 14604 | D:12     | Found a shadowy altar of Dithmenos.
 15267 | D:13     | Found a white marble altar of Elyvilon.
 15610 | D:13     | Noticed a centaur warrior
 15631 | D:13     | Killed a centaur warrior
 15862 | D:13     | Noticed a centaur warrior
 15875 | D:13     | Killed a centaur warrior
 16007 | D:13     | Noticed a tengu warrior
 16026 | D:13     | Killed a tengu warrior
 16027 | D:13     | Reached skill level 10 in Fighting
 16142 | D:13     | Found Wemooroi's Assorted Antiques.
 16150 | D:13     | Bought a scroll labelled KYFAWO NOTUTI for 21 gold pieces
 16150 | D:13     | Bought a twisted jasper amulet for 105 gold pieces
 16150 | D:13     | Bought a scroll of identify for 42 gold pieces
 16150 | D:13     | Bought a scroll of identify for 42 gold pieces
 16166 | D:13     | Identified a scroll of acquirement
 16167 | D:13     | Acquired the amulet "Feum" {Regen+ Dex+3}
 16428 | D:13     | Noticed an ice dragon
 16450 | D:13     | Killed an ice dragon
 16455 | D:13     | Reached skill level 10 in Armour
 16467 | D:13     | Found a gate to the Vaults.
 16472 | D:13     | Reached skill level 10 in Dodging
 16698 | D:14     | Noticed a two-headed ogre
 16712 | D:14     | Killed a two-headed ogre
 16713 | D:14     | Reached XP level 13. HP: 83/83 MP: 13/13
 16776 | D:14     | Reached skill level 12 in Maces & Flails
 16799 | D:14     | Found a sacrificial altar of Ru.
 17082 | D:15     | Entered Level 15 of the Dungeon
 17224 | D:15     | Slain by a vampire mosquito

Illustrated notes

Levels and vault maps discovered:
D:1:      dpeg_arrival_orchard, layout_basic, chequers_serial_rivers_micro_a,
          minmay_heptomino_l4
D:2:      layout_loops_ring
D:3:      layout_basic, old_standard_altar, nicolae_tso_carved_into_rock,
          uniq_natasha
D:4:      layout_loops_ring, grunt_temple_overflow_cloverleaf,
          minmay_temple_entry_grid, uniq_crazy_yiuf_cottage
D:5:      layout_rooms, chequers_big_river, chequers_jeans
D:6:      layout_basic, chequers_temple_overflow_minitemple,
          lightli_sewer_entry_pipes, columned_hall_lemuel, minmay_starry_boxes,
          uniq_blork_the_orc
D:7:      minmay_the_grid_octo_tiled_squarecenter
          [minmay_the_grid_octo_thin_diamonds, minmay_the_grid_octo_toaster,
          minmay_the_grid_octo_shrine, minmay_the_grid_octo_clover_2,
          minmay_the_grid_square_5x5_megaprize_hollow,
          minmay_the_grid_square_5x5_minimal, minmay_the_grid_square_5x5_bridge,
          minmay_the_grid_square_5x5_z, minmay_the_grid_square_5x5_inner_v],
          layout_loops_ring
D:8:      layout_loops_ring
D:9:      layout_gridville, erik_lair_island, uniq_joseph
D:10:     minmay_flawed_box, layout_stronghold, enter_trove_3, serial_shops,
          kennysheep_mini
D:11:     layout_irregular_city, orc_0_dummy, hangedman_abyss_or_decor_slice
D:12:     layout_irregular_city, serial_glass, glass_columns_b, glass_columns_c,
          glass_columns_a, glass_columns_b, glass_columns_b, glass_columns_a,
          nicolae_dithmenos_the_darkroom
D:13:     layout_basic, david_vaults_4, serial_shops, nicolae_shop_statue_plus,
          elyvilon_altar_4
D:14:     layout_roguey, nicolae_ru_awakened_eye
D:15:     grunt_enter_depths_snipers, layout_rooms, lemuel_round_altar,
          special_room [special_room_mythical_zoo]
Temple:   dpeg_chambers_temple

Skill      XL: |  1  2  3  4  5  6  7  8  9 10 11 12 13 |
---------------+----------------------------------------+-----
Armour         | 1 2 3 4 5 7 8 10 | 10.6
Dodging        | 3 4 5 7 8 9 10 | 10.3
Fighting       | 3 4 5 6 7 9 10 | 10.9
Maces & Flails | 4 5 7 8 10 11 12 | 12.1
Hexes          | 2 4 |  4.3
Throwing       | |  1.7

Action                   |  1- 3 |  4- 6 |  7- 9 | 10-12 | 13-15 || total
-------------------------+-------+-------+-------+-------+-------++-------
Melee: Flail             |    70 |       |       |       |       ||    70
       Whip              |    73 |   229 |       |       |       ||   302
       Morningstar       |       |    20 |   589 |  1056 |   116 ||  1781
Throw: Throwing net      |       |       |     1 |     3 |       ||     4
  Use: Potion            |       |       |     2 |     9 |       ||    11
       Scroll            |       |       |     9 |    14 |       ||    23
 Stab: Sleeping          |       |     2 |     5 |     8 |     2 ||    17
       Held in net/web   |       |       |     1 |     3 |       ||     4
       Distracted        |       |       |       |     1 |       ||     1
Armor: Leather armour    |    28 |    54 |    46 |       |       ||   128
       Ring mail         |    47 |    28 |       |       |       ||    75
       Robe              |       |       |   204 |   456 |    73 ||   733
Dodge: Dodged            |   104 |   173 |   626 |  1400 |   200 ||  2503
